 Dungeon Crawl Stone Soup version 0.30-b1-2-g02819fbbbe (webtiles) character file.

Game seed: 16135229270102532161

2259 qborf the Jinx (level 9, 0/65 HPs)
             Began as a Formicid Enchanter on May 14, 2023.
             Was a Follower of Cheibriados.
             Slain by an orc
             ... wielding a +0 whip
              (2 damage)
             ... on level 6 of the Dungeon.
             The game lasted 00:17:13 (7274 turns).

qborf the Jinx (Formicid Enchanter)                 Turns: 7274, Time: 00:17:14

Health: 0/65       AC:  4    Str: 22    XL:     9   Next: 64%
Magic:  4/16       EV: 11    Int: 25    God:    Cheibriados [*.....]
Gold:   212        SH: 10    Dex: 19    Spells: 10/18 levels left

rFire   . . .        a - +4 dagger "Howkedis" {flame, Int+3 Dex+2}
rCold   . . .        s - +0 kite shield
rNeg    . . .        i - +0 robe
rPois   .            (helmet unavailable)
rElec   .            e - +0 cloak
rCorr   .            (no gloves)
SInv    +            u - +0 pair of boots
Will    .....        r - amulet of faith
Stlth   ++++         x - +6 ring of strength
HPRegen 0.30/turn    (no ring)
MPRegen 0.15/turn

%: faith
@: lethally poisoned (0 -> -13), very slow
A: permanent stasis, dig shafts and tunnels, antennae 3, four strong arms
a: Dig, Shaft Self, Renounce Religion, Bend Time


You were on level 6 of the Dungeon.
You worshipped Cheibriados.
Cheibriados was aware of your devotion.
You visited 2 branches of the dungeon, and saw 7 of its levels.
You also visited: Sewer.

You collected 212 gold pieces.

Inventory:

Hand Weapons
 a - the +4 dagger "Howkedis" (weapon) {flame, Int+3 Dex+2}
   (You found it on level 6 of the Dungeon)

   Int:       It affects your intelligence (+3).
   Dex:       It affects your dexterity (+2).
 b - the +7 trident of Beogh's Esteem {flame, rPois Int+4}
   (You found it on level 6 of the Dungeon)

   Int:       It affects your intelligence (+4).
   rPois:     It protects you from poison.
Missiles
 g - a curare-tipped dart
 E - 12 poisoned darts (quivered)
 I - 3 javelins
Armour
 e - a +0 cloak (worn)
 i - a +0 robe (worn)
 s - a +0 kite shield (worn)
 u - a +0 pair of boots (worn)
Jewellery
 r - an amulet of faith (around neck)
 x - a +6 ring of strength (left hand)
Scrolls
 d - 3 scrolls of silence
 h - a scroll of blinking
 n - 2 scrolls of fog
 q - a scroll of magic mapping {unknown}
 w - 2 scrolls of poison
 z - a scroll of acquirement {unknown}
 C - a scroll of amnesia {unknown}
 G - a scroll of fear {unknown}
Potions
 j - a potion of flight {unknown}
 k - 2 potions of berserk rage {unknown}
 m - a potion of resistance {unknown}
 p - a potion of ambrosia {unknown}
 t - 2 potions of brilliance {unknown}
 v - 2 potions of mutation {unknown}
 A - a potion of attraction {unknown}
 B - a potion of curing {unknown}
 D - a potion of cancellation {unknown}
 F - a potion of haste {unknown}
 H - a potion of might


   Skills:
 + Level 4.2 Fighting
 + Level 3.9 Short Blades
 - Level 1.7 Dodging
 + Level 6.3 Stealth
 + Level 5.0 Shields
 + Level 5.3 Spellcasting
 * Level 8.9 Hexes
 - Level 3.0 Ice Magic
 + Level 1.8 Invocations


You had 10 spell levels left.
You knew the following spells:

 Your Spells              Type           Power      Damage    Failure   Level
a - Ensorcelled Hibernat  Hex/Ice        72%        N/A       2%          2
b - Confusing Touch       Hex            51%        N/A       1%          3
c - Tukima's Dance        Hex            51%        N/A       1%          3

Your spell library contained the following spells:

 Spells                   Type           Power      Damage    Failure   Level
 Dazzling Flash           Conj/Hex       58%        N/A       9%          3
 Leda's Liquefaction      Hex/Erth       14%        N/A       26%         4
 Ignite Poison            Fire/Tmut/Pois 6%         N/A       45%         3
 Sticky Flame             Conj/Fire      6%         2d3       86%         4
 Lee's Rapid Deconstruct  Erth           3%         3d5*      99%         5
 Statue Form              Tmut/Erth      4%         N/A       100%        6
 Ignition                 Fire           3%         3d4       100%        8


Dungeon Overview and Level Annotations

Branches:
Dungeon (6/15)             Temple (1/1) D:5           Sewer (visited)

Altars:
Ashenzari
Cheibriados
Dithmenos
Elyvilon
Fedhas
Hepliaklqana
Kikubaaqudgha
Makhleb
Nemelex Xobeh
Ru
Sif Muna
Uskayaw
Vehumet
Wu Jian
Xom
Yredelemnul
The Shining One
Lugonu

Portals:
Abyss: D:3


Innate Abilities, Weirdness & Mutations

You cannot be hasted, slowed, berserked, paralysed or teleported.
You can dig through walls and to a lower floor.
You have a pair of large antennae on your head. (SInv)
Your four strong arms can wield two-handed weapons with a shield.


Message History

You kill the gnoll sergeant!
Cheibriados appreciates the change of pace.
The orc priest mumbles some strange prayers to Beogh against you.
Beogh smites you!
Your Shields skill increases to level 5!
You block the orc's attack. You block the hound's attack.
You block the orc priest's attack.
Casting: Ensorcelled Hibernation (safe; 2% risk of failure)
Confirm with . or Enter, or press ? or * to list all spells.
Aiming: Ensorcelled Hibernation (safe; 2% risk of failure)
Press: ? - help, Shift-Dir - straight line, f - orc priest
Aim: an orc priest, wielding a +0 dagger and wearing a +0 leather armour (chance to affect: 64%)
The orc priest struggles to resist.
The hound bites you. The orc priest closely misses you.
You block the orc's attack. The hound barely misses you.
The orc attacks as you move away!
The orc hits you with a +1 whip of venom.
You are poisoned.
You feel very sick.
The orc priest invokes the aid of Beogh against you.
You resist with significant effort.
The orc priest looks braver for a moment.
You block the hound's attack. You block the orc's attack.
The hound attacks as you move away! You block the hound's attack.
You feel sick.
The orc priest mumbles some strange prayers to Beogh against you.
Beogh smites you! The hound bites you but does no damage.
You feel sick. The hound bites you.
You feel sick. You block the hound's attack. The orc attacks as you move away!
You block the orc's attack. The hound attacks as you move away!
The hound barely misses you.
You feel sick. You block the hound's attack.
You feel sick. You block the hound's attack.
The orc hits you with a +1 whip of venom.
* * * LOW HITPOINT WARNING * * *
You are lethally poisoned!
The orc priest mumbles some strange prayers to Beogh against you.
Beogh smites you!
* * * LOW HITPOINT WARNING * * *
The orc attacks as you move away! The orc hits you with a +0 whip.
You die...

..)†)##.)........).#...#...#
#....[.....)†...##...#...#
##..)...........###..#...#
##...†..)........###..###.
##...##o..$.............#..
#........o..............#..
..........................##
....#...$.ohg..........#....
#......#..o@................
.......##.##.##........###..
.....##..#####.##..........
#..... ##.### ... ..........
+......#....### ..######..
+.............# .# ##.
+.....###..#.....Y. ##
##.....##...#..##... #
.###......#....#........ #


You could see a hound, 2 orc priests, a gnoll and 2 orcs.

Vanquished Creatures
  Sigmund (D:3)
  Edmund (D:5)
  2 water moccasins
  2 ice beasts
  3 phantoms
  4 kobold brigands (Sewer)
  A gnoll sergeant (D:6)
  A scorpion (D:5)
  A bullfrog (D:6)
  2 jellies
  3 hounds
  4 orc priests
  2 gnoll boudas (D:6)
  A sleepcap (D:6)
  5 orc wizards
  Robin (D:1)
  5 gnolls (D:6)
  A river rat (Sewer)
  13 adders
  An ufetubus (D:4)
  6 worms
  5 dart slugs
  18 orcs
  6 ball pythons
  12 endoplasms
  4 giant cockroaches
  16 goblins
  8 hobgoblins
  4 jackals
  3 quokkas
  8 bats
  5 frilled lizards
  14 kobolds
  3 rats
  A lurking horror (D:3)
167 creatures vanquished.

Vanquished Creatures (collateral kills)
  4 gnolls (D:6)
  An orc (D:5)
  A ball python (D:4)
6 creatures vanquished.

Vanquished Creatures (others)
  4 dancing weapons
4 creatures vanquished.

Grand Total: 177 creatures vanquished

Notes
Turn   | Place    | Note
-------+----------+-------------------------------------------
     0 | D:1      | qborf the Formicid Enchanter began the quest for the Orb.
     0 | D:1      | Reached XP level 1. HP: 13/13 MP: 3/3
   173 | D:1      | Reached XP level 2. HP: 14/19 MP: 5/5
   196 | D:1      | Learned a level 2 spell: Ensorcelled Hibernation
   452 | D:1      | Reached skill level 4 in Hexes
   482 | D:1      | Reached XP level 3. HP: 25/25 MP: 6/6
   626 | D:1      | Reached skill level 1 in Ice Magic
   788 | D:2      | Noticed Robin
   963 | D:2      | Reached skill level 1 in Fighting
  1260 | D:1      | Killed Robin
  1261 | D:1      | Reached XP level 4. HP: 28/32 MP: 4/7
  2009 | D:3      | Found a one-way gate to the infinite horrors of the Abyss.
  2079 | D:3      | Found a corrupted altar of Lugonu.
  2149 | D:3      | Found a shadowy altar of Dithmenos.
  2152 | D:3      | Noticed Sigmund
  2163 | D:3      | Killed Sigmund
  2164 | D:3      | Reached skill level 5 in Hexes
  2164 | D:3      | Reached XP level 5. HP: 20/37 MP: 3/10
  2164 | D:3      | Reached XP level 6. HP: 23/43 MP: 3/11
  2352 | D:3      | Reached skill level 1 in Shields
  2419 | D:3      | Reached skill level 6 in Hexes
  2680 | D:3      | Learned a level 3 spell: Confusing Touch
  2684 | D:3      | Learned a level 3 spell: Tukima's Dance
  2794 | D:3      | Reached XP level 7. HP: 48/48 MP: 9/12
  2898 | D:3      | Found a sparkling altar of Nemelex Xobeh.
  2900 | D:3      | Found a burning altar of Makhleb.
  2900 | D:3      | Found a shimmering altar of Xom.
  3003 | D:3      | Noticed a water moccasin
  3008 | D:3      | Killed a water moccasin
  4386 | D:5      | Entered Level 5 of the Dungeon
  4397 | D:5      | Noticed a water moccasin
  4481 | D:5      | Noticed Edmund
  4499 | D:5      | Reached XP level 8. HP: 56/56 MP: 10/14
  4510 | D:5      | Killed Edmund
  4511 | D:5      | Reached skill level 7 in Hexes
  4540 | D:5      | Reached skill level 5 in Stealth
  4673 | D:5      | Found a glowing drain.
  4727 | Sewer    | Entered a sewer
  5831 | Sewer    | Reached skill level 8 in Hexes
  5831 | Sewer    | Reached XP level 9. HP: 54/64 MP: 8/16
  6212 | D:5      | Found a staircase to the Ecumenical Temple.
  6220 | Temple   | Entered the Ecumenical Temple
  6220 | Temple   | Found a transporter.
  6220 | Temple   | Found a transporter.
  6222 | Temple   | Found a transporter.
  6222 | Temple   | Found a transporter.
  6247 | Temple   | Became a worshipper of Cheibriados the Contemplative
  6395 | D:5      | Reached skill level 5 in Spellcasting
  6579 | D:6      | Reached skill level 1 in Invocations
  6607 | D:6      | HP: 1/65 [ice beast (8)]
  7006 | D:6      | Reached * piety under Cheibriados
  7127 | D:6      | Identified the +7 trident of Beogh's Esteem {flame, rPois
                  | Int+4}
  7158 | D:6      | Identified the +4 dagger "Howkedis" {flame, Int+3 Dex+2}
  7266 | D:6      | Reached skill level 5 in Shields
  7273 | D:6      | HP: 2/65 [orc priest/divine providence (11)]
  7274 | D:6      | Slain by an orc

Illustrated notes

Levels and vault maps discovered:
D:1:      spicycebolla_arrival_clurvy, layout_loops_ring, minmay_circled_x
D:2:      layout_basic, uniq_robin
D:3:      layout_loops_ring, mainiacjoe_overflow_small_starburst,
          gammafunk_temple_overflow_forgotten, dk_vineyard_3,
          amcnicky_altar_lugonu_corruption, uniq_sigmund
D:4:      minmay_skewed_foursquare, layout_basic, minmay_misc_feat_chi,
          kennysheep_opposing_triangles
D:5:      layout_rooms, minmay_temple_entry_enclosed_plants,
          portal_sewer_entry_d, uniq_edmund
D:6:      layout_cave_pools, grunt_temple_overflow_open, serial_gnoll_camp,
          gnoll_camp_mini_doghouse, gnoll_camp_mini_basic,
          gnoll_camp_huts_basic, gnoll_camp_mini_hut, nicolae_titane
Temple:   hellmonk_temple_divided_pantheon

Skill      XL: |  1  2  3  4  5  6  7  8  9 |
---------------+----------------------------+-----
Hexes          | 4 5 6 8 |  8.9
Ice Magic      | 1 3 |  3.0
Fighting       | 1 2 3 4 |  4.2
Spellcasting   | 3 4 5 |  5.3
Shields        | 1 2 4 5 |  5.0
Stealth        | 4 5 6 |  6.3
Short Blades   | 2 3 |  3.9
Invocations    | 1 |  1.8
Dodging        | |  1.7

Action                     |  1- 3 |  4- 6 |  7- 9 || total
---------------------------+-------+-------+-------++-------
  Melee: Dagger            |   101 |    93 |   382 ||   576
         Punch             |       |     1 |     2 ||     3
  Throw: Dart              |       |       |     4 ||     4
   Cast: Ensorcelled Hiber |    14 |    32 |    69 ||   115
         Confusing Touch   |       |       |    18 ||    18
         Tukima's Dance    |       |       |    20 ||    20
Ability: Dig               |       |     1 |       ||     1
    Use: Potion            |       |       |     3 ||     3
         Scroll            |       |       |     5 ||     5
   Stab: Sleeping          |    14 |    23 |    45 ||    82
         Confused          |       |       |    21 ||    21
         Distracted        |       |       |     1 ||     1
 Armour: Robe              |    20 |    23 |    46 ||    89
  Dodge: Dodged            |    66 |    47 |   159 ||   272
  Block: Kite shield       |       |       |    83 ||    83
